Cogmind - Beta 16 @@@ ROGUE MODE // 2026.01.10 @ 18:41:34 Player: Candy Carrion Result: Destroyed by G-47 Trooper with Particle Gun Performance ------------- Evolutions (0) 0 Regions Visited (1) 200 Robots Destroyed (20) 100 Value Destroyed (337) 337 Prototype IDs (0) 0 Alien Tech Used (0) 0 Bonus (0) 0 TOTAL SCORE: 637 Bonus ------- None Cogmind --------- Core Integrity 0/250 Matter 261/300 Energy 250/250 System Corruption 0% Temperature Cool (9) Movement Treading (160) Location -10/Materials Parts ------- > --- POWER (1) -------- Ion Engine > --- PROPULSION (2) --- Light Treads > --- UTILITY (2) ------ Medium Storage Unit ECM Suite > --- WEAPON (2) ------- Light Assault Rifle Light Assault Rifle > --- INVENTORY (10) --- Small Storage Unit Small Storage Unit Terrain Scanner Terrain Scan Processor Transport Network Coupler Mining Laser Peak State ------------ > --- POWER ------------ Ion Engine > --- PROPULSION ------- Aluminum Leg Aluminum Leg > --- UTILITY ---------- Medium Storage Unit ECM Suite > --- WEAPON ----------- Light Assault Rifle Light Assault Rifle > --- INVENTORY -------- Wheel Terrain Scanner Terrain Scan Processor Mining Laser [Rating: 7] Favorites ----------- Power Light Ion Engine Engine Light Ion Engine Propulsion Aluminum Leg Treads Light Treads Leg Aluminum Leg Utility ECM Suite Device ECM Suite Storage Medium Storage Unit Weapon Light Assault Rifle Energy Gun EM Pulse Gun Ballistic Gun Light Assault Rifle Launcher Grenade Launcher Build | -11 -10 ------- Run | Yrd Mat Slots Evolved . | . . Power . | . . Propulsion . | . . Utility . | . . Weapon . | . . Parts Attached 17 | 6 11 Power 4 | 1 3 Engine 4 | 1 3 Core . | . . Reactor . | . . Propulsion 5 | 2 3 Treads 2 | . 2 Leg 3 | 2 1 Wheel . | . . Hover . | . . Flight . | . . Utility 3 | . 3 Device 2 | . 2 Storage 1 | . 1 Processor . | . . Hackware . | . . Protection . | . . Artifact . | . . Weapon 5 | 3 2 Energy Gun 2 | 1 1 Energy Cannon . | . . Ballistic Gun 2 | 2 . Ballistic Cannon . | . . Launcher 1 | . 1 Special Weapon . | . . Impact Weapon . | . . Slashing Weapon . | . . Piercing Weapon . | . . Special Melee Weapon . | . . Unidentified Prototypes . | . . Parts Lost 7 | . 7 Power 3 | . 3 Propulsion 1 | . 1 Utility 1 | . 1 Weapon 2 | . 2 Highest Loss Streak 4 | . 4 To Critical Strikes . | . . Average Backups 4 | 3 4 Power . | . . Propulsion 1 | 2 1 Utility . | . 1 Weapon 1 | . 1 Tool/Special . | . . Unused Backups 12 | . 12 Power . | . . Propulsion 4 | . 4 Utility 5 | . 5 Weapon 3 | . 3 Tool/Special . | . . Average Slot Usage (%) 71 | . 71 Engine 12 | . 12 Treads 9 | . 9 Leg 8 | . 8 Device 9 | . 9 Storage 3 | . 3 Energy Gun 2 | . 2 Ballistic Gun 17 | . 17 Launcher 7 | . 7 Peak Build Rating 7 | 5 7 Average Rating 4 | 4 5 On Entrance 2 | . 5 Avg Prop Armor Cover (%) . | . . Naked Turns . | . . Heaviest Build 19 | 6 19 Greatest Support 20 | 20 20 Greatest Overweight (x) . | . . Average Overweight (x) . | . . Largest Inventory Capacity 10 | 5 10 Average Capacity 5 | 5 6 Most Carried 8 | 5 8 Average Carried 4 | 3 4 Final Capacity 10 | 5 10 Final Carried 6 | 4 6 Class Distribution -------------------- 100% | Mutant Dominant Class ---------------- Mutant | -10/Materials Resources | -11 -10 ----------- Run | Yrd Mat Matter Collected 560 | 257 303 Remotely . | . . Salvage Created 538 | 50 488 Parts 36 | 1 35 Haulers Intercepted 1 | . 1 Recyclers Shooed 2 | . 2 Parts Field Recycled . | . . Retrieved Matter . | . . Parts Self-Destructed . | . . Prevented . | . . Parts Restored . | . . Kills | -11 -10 ------- Run | Yrd Mat Combat Hostiles Destroyed 11 | 1 10 Guns 7 | 1 6 AOE 4 | . 4 Classes Destroyed 8 | 1 7 Worker 1 | . 1 Builder 2 | . 2 Hauler 1 | . 1 Recycler 2 | . 2 Operator 1 | . 1 Watcher 2 | . 2 Swarmer 5 | . 5 Grunt 6 | 1 5 Best Kill Streak 3 | 1 3 Combat Bots Only 3 | 1 3 Max Kills in Single Turn 2 | 1 2 Gunslinging . | . . Exploded 2 | . 2 Melee . | . . Uniques/NPCs Destroyed . | . . Combat | -11 -10 -------- Run | Yrd Mat Hostile Shots Fired 103 | 11 92 Missed 34 | 3 31 Hits 69 | 8 61 Projectile 69 | 8 61 Critical Strikes 1 | . 1 Damage Taken 931 | 88 843 Core 257 | 21 236 Absorbed by Shields . | . . Core Remaining (%) 91 | 91 . Volleys Fired 71 | 7 64 Largest 2 | 2 2 Hottest 80 | 60 80 Shots Fired 121 | 14 107 Gun 107 | 14 93 Cannon . | . . Launcher 14 | . 14 Special . | . . Kinetic 94 | 7 87 Thermal 6 | . 6 Explosive 14 | . 14 Electromagnetic 7 | 7 . Robot Hit Streak 9 | 3 9 Robot Miss Streak 7 | 5 7 Penetration Max . | . . Secondary Targets . | . . Shots Hit Robots 60 | 5 55 Core Hits 36 | 2 34 Critical Kills . | . . Critical Parts Destroyed . | . . Critical Strikes 1 | . 1 Burn 1 | . 1 Melee Attacks . | . . Impact . | . . Slashing . | . . Piercing . | . . Sneak Attacks . | . . Combat Hostiles . | . . Follow-up Attacks . | . . Damage Inflicted 953 | 44 909 Guns 480 | 44 436 Cannons . | . . Explosions 473 | . 473 Melee . | . . Ramming . | . . Kinetic 418 | 32 386 Thermal 50 | . 50 Explosive 473 | . 473 Electromagnetic 12 | 12 . Impact . | . . Slashing . | . . Piercing . | . . Highest Corruption . | . . Average Corruption . | . . Corruption Purged . | . . Corruption Blocked . | . . Overload Shots . | . . Overflow Damage 50 | . 50 Projectiles . | . . Explosions 50 | . 50 Melee . | . . Knockbacks . | . . Impact . | . . Kinetic . | . . Secondary . | . . Self-Inflicted Damage 192 | . 192 Shots 8 | . 8 Rammed . | . . Targets Rammed . | . . Kicked . | . . Crushed . | . . Highest Temperature 64 | 64 54 Average Temperature 22 | 36 15 Received Heat Transfer 336 | 48 288 Siege Activations . | . . Martial Activations . | . . Shielding Activations . | . . Robots Disrupted . | . . Combat Hostiles . | . . Robots Corrupted . | . . Combat Hostiles . | . . Parts Fried . | . . Impact Corruptions . | . . Robots Melted . | . . Combat Hostiles . | . . Parts Melted . | . . Heat Transferred 222 | . 222 Parts Sabotaged . | . . Parts Stolen . | . . Parts Stripped . | . . Power Chain Reactions . | . . Alert | -11 -10 ------- Run | Yrd Mat Maximum Alert Level . | . . Low Security (%) 100 | 100 100 Level 1 . | . . Level 2 . | . . Level 3 . | . . Level 4 . | . . Level 5 . | . . High Security . | . . Max Security . | . . Peak Influence 80 | 20 80 Initial . | . . Average 18 | 1 21 Influence Increases 404 | 20 384 Destroy 0b10 Robot/C 220 | 20 200 Destroy 0b10 Robot/NC 45 | . 45 Destroy Leader 36 | . 36 Successful Hack 10 | . 10 Disable Machine 15 | . 15 Destroy Structure 78 | . 78 Influence Decreases 390 | 20 370 Time Decay 345 | 20 325 Lost Part 45 | . 45 Squads Dispatched 2 | . 2 Investigation 1 | . 1 Extermination . | . . Reinforcement 1 | . 1 Assault . | . . Garrison . | . . Intercept . | . . Searches Triggered . | . . Construction Impeded . | . . Haulers Reinforced . | . . Active Scanning Responses . | . . Cargo Convoy Interrupts . | . . Stealth | -11 -10 --------- Run | Yrd Mat Distress Signals 2 | . 2 Communications Jammed . | . . Distress Signals . | . . Times Spotted 20 | 1 19 Peak Tracking Total 6 | 1 6 Tactical Retreats . | . . Traps | -11 -10 ------- Run | Yrd Mat Traps Triggered . | . . Indirectly . | . . Trap Hack Attempts . | . . Triggered . | . . Disarmed 1 | . 1 Reprogrammed . | . . Reused . | . . Traps Extracted . | . . Installed . | . . Triggered . | . . Machines | -11 -10 ---------- Run | Yrd Mat Machines Disabled 1 | . 1 Max in Single Turn 1 | . 1 Machines Repaired . | . . Machines Dismantled . | . . Machines Sabotaged . | . . Overloaded Fab Kills . | . . Hacking | -11 -10 --------- Run | Yrd Mat Machines Accessed 4 | . 4 Terminals 2 | . 2 Fabricators . | . . Repair Stations . | . . Recycling Units 2 | . 2 Scanalyzers . | . . Garrison Access . | . . Total Hacks 10 | . 10 Successful 5 | . 5 Failed 5 | . 5 Catastrophic . | . . Database Lockouts . | . . Manual . | . . Terminals 5 | . 5 Fabricators . | . . Repair Stations . | . . Recycling Units 5 | . 5 Scanalyzers . | . . Garrison Access . | . . Terminal Hacks 3 | . 3 Record 1 | . 1 Disarm Traps 2 | . 2 Fabricator Hacks . | . . Repair Station Hacks . | . . Recycling Unit Hacks 2 | . 2 Recycle Component 2 | . 2 Scanalyzer . | . . Garrison Access Hacks . | . . Unauthorized Hacks . | . . Terminals . | . . Fabricators . | . . Repair Stations . | . . Recycling Units . | . . Scanalyzers . | . . Garrison Access . | . . Data Cores Recovered . | . . Used . | . . Hacking Detections 2 | . 2 Full Trace Events 2 | . 2 Feedback Events . | . . Feedback Blocked . | . . Robot Schematics Acquired . | . . Robots Built . | . . Authchips . | . . Time . | . . Total Robot Build Rating . | . . Part Schematics Acquired . | . . Parts Built . | . . Authchips . | . . Time . | . . Total Part Build Rating . | . . Part Studies Acquired . | . . Parts Repaired . | . . Time . | . . Parts Recycled 2 | . 2 Recycled Matter . | . . Retrieved Matter . | . . Retrieved Components . | . . Parts Scanalyzed . | . . Part Schematics Acquired . | . . Parts Damaged . | . . Bothacking | -11 -10 ------------ Run | Yrd Mat Used RIF Installer . | . . Robots Hacked . | . . Non-combat . | . . Combat . | . . Robot Hacks Applied . | . . Relay Couplers Released . | . . Fabnet Peak Effective % . | . . Robots Rewired . | . . Allies Hacked . | . . Hacks Repelled . | . . Allies | -11 -10 -------- Run | Yrd Mat Total Allies . | . . Largest Group . | . . Highest-Rated Group . | . . Highest-Rated Ally . | . . Total Orders . | . . Ally Attacks . | . . Total Damage . | . . Kills . | . . Allies Corrupted . | . . Allies Melted . | . . Intel | -11 -10 ------- Run | Yrd Mat Active Infowar (turns) 96 | . 96 ECM 96 | . 96 Robot Analysis Total . | . . Derelict Logs Recovered . | . . Drone Launches . | . . Drone Recoveries . | . . Exploration | -11 -10 ------------- Run | Yrd Mat Turns Passed 1353 | 246 1107 Spaces Moved 761 | 167 594 Core 30 | 30 . Treads 410 | . 410 Legs 321 | 137 184 Wheels . | . . Hover . | . . Flight . | . . Fastest Speed 50 | 50 120 Average Speed 138 | 107 147 Slowest Speed 160 | 120 160 Overloaded Moves . | . . Propulsion Burnouts . | . . Robots Hopped . | . . Potential Cave-ins . | . . Cave-ins Triggered . | . . Exploration Rate (%) 27 | 8 47 Regions Visited 1 Branch Regions . Pre-discovered Areas . | . . Known Exits Taken . | . . Unknown Exits Taken 1 | 1 . Scrap Searched . | . . Spaces Dug . | . . Terrain Destroyed 77 | . 77 Melee . | . . Projectile . | . . AOE 77 | . 77 Terrain Rammed . | . . Walls Destroyed . | . . Machines Disabled . | . . Actions | -11 -10 --------- Run | Yrd Mat Total 961 | 221 740 Wait 66 | 32 34 Move 760 | 166 594 Hop . | . . Pick Up 32 | 9 23 Fast Attach . | . . Attach 19 | 6 13 Detach 1 | 1 . Swap 1 | . 1 Drop 11 | . 11 Fire 71 | 7 64 Melee . | . . Ram . | . . Kick . | . . Crush . | . . Escape Stasis . | . . Rewire . | . . Trap . | . . Miscellaneous . | . . Route ------- -11/Scrapyard -10/Materials (discovered 2 exits: [*Mat] / [*Min]) History --------- Turn | Location | Event 2 | -11/Scrapyard | Met Revision 17 96 | -11/Scrapyard | Discovered new exit (range 8) 247 | -11/Scrapyard | Entered Materials 313 | -10/Materials | Build established: Mutant 383 | -10/Materials | Discovered new exit (range 10) 930 | -10/Materials | Core integrity fell below 50% 995 | -10/Materials | Core integrity fell below 20% 1017 | -10/Materials | Lost 4 parts (1p1n1u1w) 1111 | -10/Materials | Discovered new exit (range 7) 1354 | -10/Materials | Destroyed by G-47 Trooper with Particle Gun Last Messages --------------- EXIT=FOUND K-01 Serf collects debris. Acquired Sml. Storage Unit. Acquired Ion Engine. Acquired Sml. Storage Unit. Connecting with Recycling Unit... >>Recycle(Wheel) Accepting Wheel... Connecting with Recycling Unit... [Achievement: I Have A Map?] K-01 Serf collects debris. K-01 Serf cleans the Terminal. S-10 Pest destroyed. K-01 Serf collects debris. Ion Engine destroyed. R-06 Scavenger collects Welding Torch. S-10 Pest destroyed. Critical hit (Burn: +37). R-06 Scavenger collects Flight Unit. [Achievement: First Step to Greatness] Map ----- +----------------------------------------------------+ | ?????????????? ???????????????? ??????????????? | | ???????????? ?????????????? ??????????????? | | ???????????? ?????????????? ??????????????? | | ???????????? ?????????????# ??????????????? | | ?? ??? ?????????????# ""?????????????? | | ?# ?? #?????????????# ""?????????????? | | ?# ? #?????????????# ""?????????????? | | ?# ? #?????????????# ?????????????? | | ?# ?? #?????????????# ??????????? | | # #### ##????????????# """"" ????????? | | # #""" #????????????#% """"" ?????????? | | ## #" #????????????+[= """"???????????? | | ## #"| #????????????#%* ????????????? | | ## #"" < #????????????#= ?????????????? | | ## #" #????????????# #??????????????? | | ## #" #????????????# #??????????????? | | ?# #""" ###??????????# #??????????????? | | ## #### ###########???# #??????????????? | | ## # #???# #??????????????? | | + #???# #??????????????? | | # #???# #??????????????? | | # #???# #??????????????? | | ####### ## #???# ###????????????? | | ##????# """ ## ##### #????????????? | | #?????# """ ## ##### ##???????????? | | #?????# "" ## @/ g T ##???????????? | | #?????# ################ ##???????????? | | #?????# ####????????#### [##???????????? | | #?????# ###########??## ###???????????? | | #?????# + #??## | # #???????????? | | ??????# % # #??## # #???????????? | | ??????# # #??##% # #???????????? | | ????########## # """ """ #?# #= ###???????????? | | ????# + + """ """ #?### ##????????????? | | ????# """ # # """ """ #?# # ########??????? | | ????# """ + # """ """ #?###!! # #??????? | | ????# """ ##### #???# # """ #??????? | | ????# #???###########???# # """ #??????? | | ????# #?????????????????# + """ #??????? | | ????# #?????????????????# # #??????? | | ????# "T" #?????????????????# # #??????? | | ????# """ #??????????######## ########??????? | | ????##################### #?????????? | | < #?????????? | | ????########+#########+## #?????????? | | ????????# # ################?????????? | | ????????# ""#""" #????????????????????????? | | ????????# Y"#""" #????????????????????????? | | ????????# ""#""" #????????????????????????? | | ????????# # #????????????????????????? | +----------------------------------------------------+ Best States ------------- Heat Dissipation 35 Energy Generation 10 Energy Capacity 250 Matter Stores 300 Matter Capacity 300 Sight Range 16 Terrain Scan Density 10 ECM Strength 1 Evasion (%) 55 Recoil Reduction 1 Item Schematics ----------------- None Robot Schematics ------------------ None Fabricated ------------ Nothing Repaired ---------- Nothing Studied --------- None Alien Tech Used ----------------- None Achievements -------------- First Step to Greatness I Have A Map? Let's See Who's Tougher Loot Pinata One Hack Too Far Organ Harvest Storm Trooper There's More Where That Came From Uninvited Guest Challenges ------------ None Game ------ Seed ZhirovSkeletonBlaster Manual? 0 Play Time 00:41:32 Cumulative 0.6 hours Start 2026.01.10 @ 17:55:26 End 2026.01.10 @ 18:41:34 Sessions 9 Manual Loads 0 Difficulty Rogue Special Mode None Game No. 1 Rogue 1 Adventurer 0 Explorer 0 Win Type - Total 0 Types 0/0/0/0/0/0/0/0/0/0 Lore% 0 Gallery% 0 Achievement% 1 Wizard Run 0 Options --------- Layout 1 ASCII 0 Keyboard 0 Movement Mouse Keybinds 0 Fullscreen 1 Font 24/Smallcaps Map View 25x17 Zoom Use 82% Tactical HUD 0 Map Filters NONE Filters NONE Steam 1 RUN: 52404ed0-58fa-4ae0-8a58-06fa4c3ab226